AoeStats
← Bad Teddy

Arabia

508548029Analyzed
1v1 RM · 9d ago on Sep 23, 2026· 28m 17s· 2 players
Game mode
Random Map
Map size
Tiny (2 player)
Population
200
Speed
Normal
Resources
Standard
Victory
Conquest
Starting age
Dark Age
Ending age
Imperial Age
RankedLock teamsTeams togetherTeam positionsShared explorationLock speedFull tech treeHidden civsTurbo modeCheats
Victory
Defeat
🇨🇳 Mongols · China
1190
+16
🇻🇳 Turks · Vietnam
1186
-16
Bad Teddy
6:50 Loom
9:02 Feudal Age
11:22 Double-Bit Axe
19:25 Castle Age
19:04 Horse Collar
19:54 Bloodlines
19:54 Scale Barding Armor
21:45 Husbandry
21:59 Fletching
25:04 Wheelbarrow
26:11 Chain Barding Armor
27:30 Forging
nimite
6:40 Loom
8:54 Feudal Age
12:10 Double-Bit Axe
12:06 Horse Collar
20:36 Castle Age
19:33 Scale Barding Armor
19:46 Forging
19:42 Gold Mining
20:08 Bloodlines
21:48 Chain Barding Armor
23:07 Town Watch
24:44 Husbandry
26:13 Wheelbarrow
Connection lost

Rejoining the realm…

Still unreachable

The connection could not be restored.

Session expired

The server has moved on; the page needs a fresh start.